 Dungeon Crawl Stone Soup version 0.19.1-1-g22dce08 (console) character file.

78063 Kloppie the Fencer (level 15, -2/222 HPs)
             Began as a Pale Draconian Berserker on Jan 15, 2017.
             Was a High Priest of Trog.
             Slain by a white ugly thing (14 damage)
             ... on level 15 of the Dungeon.
             The game lasted 00:47:52 (25369 turns).

Kloppie the Fencer (Pale Draconian Berserker)      Turns: 25369, Time: 00:47:53

Health: -2/222     AC: 15    Str: 24    XL:     15   Next: 17%
Magic:  0/21       EV: 20    Int:  9    God:    Trog [*****.]
Gold:   1680       SH:  0    Dex: 18    Spells: 0 memorised, 14 levels left

rFire  + . .     SeeInvis .     a - +10 triple sword {drain, +Fly rC+}
rCold  + . .     Gourm    .     (armour unavailable)
rNeg   . . .     Faith    .     (shield currently unavailable)
rPois  .         Spirit   +     L - +2 hat
rElec  .         Reflect  .     d - +0 cloak
rCorr  .         Harm     .     x - +0 pair of gloves
MR     +++++                    H - +1 pair of boots
Stlth  ..........               r - amulet of guardian spirit
                                Y - ring of protection from fire
                                v - ring of protection from magic

@: berserking, lethally poisoned (-2 -> -2), regenerating, very quick
A: breathe steam, unfitting armour, agile 1, high mp 1, magic resistance 1,
robust 1, no device heal 2, cold-blooded, AC +9
a: Breathe Steam, Berserk, Trog's Hand, Brothers in Arms, Burn Spellbooks,
Renounce Religion, Evoke Flight


You were on level 15 of the Dungeon.
You worshipped Trog.
Trog was extremely pleased with you.
You were hungry.

You visited 2 branches of the dungeon, and saw 20 of its levels.
You also visited: Labyrinth, Ossuary and Bailey.

You collected 1680 gold pieces.

Inventory:

Hand Weapons
 a - the +10 triple sword "Rijois" (weapon) {drain, +Fly rC+}
   (Trog gifted it to you on level 13 of the Dungeon)

   A truly terrible weapon, it drains the life of those it strikes.
   It protects you from cold.
   It lets you fly.
 b - a +3 scimitar of flaming
 G - a +3 great sword of holy wrath
Armour
 d - a +0 cloak (worn)
 x - a +0 pair of gloves (worn)
 H - a +1 pair of boots (worn)
 L - a +2 hat (worn)
Rods
 V - a +6 rod of ignition (11/11)
   (You found it in a labyrinth)
Jewellery
 i - an uncursed ring of magical power
 r - an amulet of guardian spirit (around neck)
 v - a ring of protection from magic (left hand)
 B - an uncursed ring of stealth
 C - an uncursed ring of see invisible
 W - an uncursed ring of protection from cold
 Y - a ring of protection from fire (right hand)
Wands
 t - a wand of paralysis (24/24)
 I - a wand of enslavement (7/24)
 K - a wand of disintegration (16/24)
 M - a wand of slowing (37/48)
 O - a wand of confusion (33/48)
 T - a wand of digging (10/24)
 U - a wand of confusion (19/48)
Scrolls
 e - 8 scrolls of remove curse
 f - 3 scrolls of fear
 k - 6 scrolls of teleportation
 l - 8 scrolls of fog
 o - 2 scrolls of holy word
 s - 7 scrolls of enchant weapon
 w - 7 scrolls of noise
 y - 2 scrolls of magic mapping
 D - 2 scrolls of identify
 F - 5 scrolls of enchant armour
 N - 3 scrolls of recharging
 X - a scroll of blinking
 Z - a scroll of acquirement
Potions
 c - 8 potions of lignification
 h - a potion of cancellation
 j - 3 potions of flight
 m - 13 potions of curing
 p - 2 potions of haste
 q - 2 potions of heal wounds
 u - 3 potions of resistance
 A - 2 potions of brilliance
 Q - 2 potions of might
Comestibles
 g - 14 beef jerkies
 n - 6 meat rations
 z - 6 slices of pizza
 E - 9 royal jellies
 J - 12 bread rations
 P - 4 fruits
 R - 24 chunks of flesh


   Skills:
 + Level 13.1 Fighting
 - Level 20.0 Long Blades
 - Level 10.7 Dodging
 - Level 5.6 Evocations


You had 14 spell levels left.
You didn't know any spells.

Dungeon Overview and Level Annotations

Branches:
Dungeon (15/15)            Temple (0/1) D:6            Lair (5/6) D:11
 Shoals (0/4) Lair:3       Spider (0/4) Lair:4        Slime (0/5) Lair:5
    Orc (0/2) D:11         Vaults (0/5) D:13         Depths (0/5) D:15

Altars:
Ashenzari
Dithmenos
Xom
Jiyva

Shops:
D:6 (   D:10 :   D:12 (   D:13 [


Innate Abilities, Weirdness & Mutations

You can breathe blasts of scalding, opaque steam.
Your pale cyan-grey scales are hard. (AC +9)
You cannot fit into any form of body armour.
You are cold-blooded and may be slowed by cold attacks.
You are agile. (Dex +2)
You have an increased reservoir of magic. (+10% MP)
You are resistant to hostile enchantments. (MR+)
You are robust. (+10% HP)
Potions and wands are poor at restoring your health.


Message History

The green ugly thing basks in the mutagenic energy from its kin and changes!
You see here a large rock.
Your system partially rejects the healing.
You feel much better.
A red film seems to cover your vision as you go berserk!
You feel yourself moving faster!
You feel mighty!
You are feeling hungry.
You feel sick.
You feel a strong urge to attack something.
You feel sick.
You hit the white ugly thing. You tail-slap the white ugly thing.
The white ugly thing is lightly wounded.
The green ugly thing basks in the mutagenic energy from its kin and changes!
The white ugly thing closely misses you.
You closely miss the white ugly thing. You tail-slap the white ugly thing!
The white ugly thing is moderately wounded.
You feel sick. The white ugly thing kicks you!
* * * LOW HITPOINT WARNING * * *
The white ugly thing freezes you! You resist.
You die...

#......#.#... #.. #.....##.#u.
#.. ###.....#..#'######' #..# #..
........#..u.u...... #..#####.#
........###'###..... #.........
.........)....# ... #.........
......(..†....# . #.........
.............(##########.........
...........).uuu@((†.............
..........#'########......# ##..
##........#........#......# #..
#........#........#......# #..
#........'....<...#......# #..
#........#........#......# #..
........#........#......# #..
.......#......###......# #..
#......#........# #..


You could see 3 ugly things.

Vanquished Creatures
  The ghost of fatfloppyjuicyveiny the Brawler, a journeyman TrMo of Okawaru (D:14)
  An orc warlord (Bailey)
  A minotaur (Lab)
  An ettin (D:15)
  2 fire dragons
  The ghost of Boing the Carver, a journeyman MiBe of Trog (D:15)
  A rakshasa (D:14)
  2 hydras
  An ogre mage (D:15)
  6 centaur warriors
  3 death yaks (Lair:2)
  3 tengu warriors (D:15)
  Urug (Lair:4)
  3 skeletal warriors (D:15)
  4 unseen horrors
  2 wizards (D:13)
  6 hill giants
  The ghost of fatfloppyjuicyveiny the Grappler, a novice TrMo of Cheibriados (D:7)
  4 lindwurms (Lair:2)
  An orb spider (shapeshifter) (D:13)
  An orc knight (D:15)
  2 necromancers
  A deep elf mage (D:15)
  15 ugly things
  A manticore (D:15)
  5 cyclopes
  A black mamba (Lair:5)
  3 elephants
  2 torpor snails
  2 gargoyles (D:14)
  8 spiny frogs
  3 efreet
  A rime drake (Lair:3)
  A kobold demonologist (D:15)
  A yaktaur (D:14)
  5 komodo dragons
  A tengu conjurer (D:14)
  A jumping spider (Lair:4)
  A queen bee (shapeshifter) (D:15)
  4 trolls
  A queen bee (Lair:5)
  Prince Ribbit (D:7)
  3 meliai (Lair:5)
  3 two-headed ogres
  10 blink frogs
  A hornet (Lair:5)
  2 slime creatures (D:12)
  2 polar bears
  4 dream sheep (Lair:2)
  15 hippogriffs
  A centaur simulacrum (D:15)
  3 redbacks (Lair:4)
  2 shadows
  A wraith (D:11)
  5 basilisks
  6 wyverns
  25 yaks
  A spriggan (Lair:5)
  3 hungry ghosts
  4 vampire mosquitoes
  2 wargs (D:15)
  A soldier ant (D:14)
  14 water moccasins
  8 orc warriors
  7 porcupines
  A black bear (D:8)
  3 sky beasts
  4 ice beasts
  An elephant zombie (Lair:4)
  A necrophage (D:11)
  2 phantoms
  An eye of draining (D:11)
  11 ogres
  3 wolves (Lair:1)
  11 centaurs
  11 crocodiles
  7 big kobolds
  15 bullfrogs
  A gnoll sergeant (D:8)
  3 wyvern skeletons
  3 scorpions
  A water moccasin skeleton (D:8)
  17 killer bees
  13 wights
  8 howler monkeys
  6 electric eels
  The ghost of fatfloppyjuicyveiny the Bolt Thrower, a weakling KoHu (D:3)
  9 centaur zombies
  8 crimson imps
  3 basilisk zombies (Lair:4)
  A bullfrog zombie (D:6)
  2 quasits (D:11)
  4 orc priests (D:11)
  3 centaur skeletons
  4 hounds
  A jelly (D:12)
  A gnoll shaman (D:4)
  11 orc wizards
  3 iguanas
  7 worker ants
  2 hound zombies
  6 mummies (Ossuary)
  A worker ant zombie (D:5)
  A howler monkey skeleton (D:4)
  17 gnolls
  11 adders
  5 shadow imps
  4 oozes
  An adder skeleton (D:8)
  An adder zombie (D:9)
  2 worms (D:2)
  2 dart slugs
  2 leopard geckos
  69 orcs
  A giant cockroach (D:2)
  9 goblins
  6 hobgoblins
  3 jackals (D:3)
  31 kobolds
  6 quokkas
  2 ball pythons (D:2)
  8 bats
  5 frilled lizards
  A giant cockroach zombie (D:6)
  A goblin zombie (Ossuary)
  A jackal skeleton (D:4)
  3 kobold zombies (Ossuary)
  2 orc zombies (Ossuary)
  A quokka skeleton (D:4)
  7 rats
621 creatures vanquished.

Vanquished Creatures (collateral kills)
  An ugly thing (D:15)
  A komodo dragon (D:15)
2 creatures vanquished.

Vanquished Creatures (others)
  An electric eel (Lair:4)
  5 fungi
  A plant (Lair:4)
7 creatures vanquished.

Grand Total: 630 creatures vanquished

Notes
Turn   | Place    | Note
-------+----------+-------------------------------------------
     0 | D:1      | Kloppie the Draconian Berserker began the quest for the Orb.
     0 | D:1      | Reached XP level 1. HP: 19/19 MP: 1/1
   361 | D:1      | Reached XP level 2. HP: 26/27 MP: 2/2
   697 | D:1      | HP: 2/40 [poisoned by an adder]
  1017 | D:1      | Reached XP level 3. HP: 16/33 MP: 3/3
  1211 | D:2      | Reached skill level 4 in Long Blades
  1237 | D:2      | Reached XP level 4. HP: 30/41 MP: 4/4
  1527 | D:2      | Reached ** piety under Trog
  1789 | D:3      | Reached skill level 5 in Fighting
  1789 | D:3      | Reached XP level 5. HP: 48/48 MP: 5/5
  1941 | D:3      | Noticed a phantom
  1971 | D:3      | Killed a phantom
  1971 | D:3      | Reached skill level 5 in Long Blades
  2044 | D:3      | Noticed fatfloppyjuicyveiny's ghost (weakling KoHu)
  2051 | D:3      | Killed fatfloppyjuicyveiny's ghost
  2051 | D:3      | Reached XP level 6. HP: 57/57 MP: 6/6
  2179 | D:3      | Found a shimmering altar of Xom.
  2622 | D:4      | Reached *** piety under Trog
  3001 | D:4      | Reached skill level 6 in Long Blades
  3263 | D:4      | Your scales start taking on a pale cyan-grey colour.
  3263 | D:4      | Reached XP level 7. HP: 64/64 MP: 7/7
  3708 | D:4      | Gained mutation: You are agile. (Dex +2) [potion of mutation]
  3708 | D:4      | Gained mutation: Your body sometimes deteriorates upon taking damage. [potion of mutation]
  3708 | D:4      | Gained mutation: Your body often deteriorates upon taking damage. [potion of mutation]
  3709 | D:4      | Gained mutation: You have a pair of small horns on your head. [potion of mutation]
  3709 | D:4      | Gained mutation: You are frail. (-10% HP) [potion of mutation]
  3709 | D:4      | Gained mutation: Your mind is acute. (Int +2) [potion of mutation]
  3710 | D:4      | Lost mutation: You are frail. (-10% HP) [potion of mutation]
  3710 | D:4      | Lost mutation: You have a pair of small horns on your head. [potion of mutation]
  3710 | D:4      | Lost mutation: Your mind is acute. (Int +2) [potion of mutation]
  3747 | D:5      | Entered Level 5 of the Dungeon
  3832 | D:5      | Gained mutation: You are weak. (Str -2) [mutagenic meat]
  3833 | D:5      | Gained mutation: You are resistant to hostile enchantments. (MR+) [mutagenic meat]
  3834 | D:5      | Gained mutation: Potions and wands are less effective at restoring your health. [mutagenic meat]
  3950 | D:5      | Reached skill level 7 in Long Blades
  4016 | D:5      | Found a sand-covered staircase.
  4030 | Ossuary  | Entered an ossuary
  4077 | Ossuary  | HP: 3/67 [mummy (13)]
  4096 | Ossuary  | Gained mutation: Your magical capacity is low. (-10% MP) [potion of mutation]
  4474 | Ossuary  | Reached XP level 8. HP: 69/74 MP: 7/7
  4480 | Ossuary  | Gained mutation: You have a pair of small antennae on your head. [potion of mutation]
  4481 | Ossuary  | Gained mutation: Scrolls take you a little longer to read. [potion of mutation]
  4481 | Ossuary  | Gained mutation: Potions and wands are poor at restoring your health. [potion of mutation]
  4975 | D:5      | Found a shattered altar of Ashenzari.
  5271 | D:6      | Found a staircase to the Ecumenical Temple.
  5326 | D:6      | Reached skill level 13 in Long Blades
  5326 | D:6      | Reached XP level 9. HP: 27/82 MP: 8/8
  5579 | D:6      | Reached **** piety under Trog
  5622 | D:6      | Found Vaoritti's Weapon Shoppe.
  5847 | D:6      | Gained mutation: Your flesh is heat resistant. (rF+) [potion of mutation]
  6451 | D:7      | Noticed fatfloppyjuicyveiny's ghost (novice TrMo)
  6459 | D:6      | Reached skill level 14 in Long Blades
  6531 | D:7      | Killed fatfloppyjuicyveiny's ghost
  6531 | D:7      | Reached XP level 10. HP: 71/91 MP: 4/9
  6626 | D:7      | Noticed Prince Ribbit
  6651 | D:7      | Killed Prince Ribbit
  7023 | D:7      | Gained mutation: Your flesh is very heat resistant. (rF++) [potion of beneficial mutation]
  7824 | D:8      | HP: 2/93 [centaur/arrow (3)]
  8094 | D:7      | Received a gift from Trog
  8369 | D:8      | Gained mutation: Your magical capacity is very low. (-20% MP) [potion of mutation]
  8821 | D:8      | Reached skill level 5 in Dodging
  9350 | D:10     | Entered Level 10 of the Dungeon
  9353 | D:10     | Lost mutation: You are weak. (Str -2) [potion of mutation]
  9353 | D:10     | Lost mutation: Your flesh is very heat resistant. (rF++) [potion of mutation]
  9354 | D:10     | Noticed a hill giant
  9367 | D:10     | Killed a hill giant
  9412 | D:10     | Found Kumuysch's Book Shop.
  9891 | D:10     | Reached XP level 11. HP: 99/99 MP: 8/8
 10079 | D:10     | Identified a scroll of acquirement
 10094 | D:10     | Reached ***** piety under Trog
 10316 | D:11     | Noticed a purple ugly thing
 10317 | D:11     | Reached skill level 1 in Evocations
 10443 | D:11     | Killed a purple ugly thing
 10933 | D:11     | Found a staircase to the Orcish Mines.
 10998 | D:11     | Found a staircase to the Lair.
 11220 | D:11     | Received a gift from Trog
 11447 | Lair:1   | Entered Level 1 of the Lair of Beasts
 11449 | Lair:1   | Gained mutation: You are robust. (+10% HP) [potion of beneficial mutation]
 11519 | Lair:1   | Reached skill level 5 in Evocations
 12657 | Lair:2   | Reached skill level 15 in Long Blades
 12765 | Lair:2   | Noticed a death yak
 12777 | Lair:2   | Killed a death yak
 12777 | Lair:2   | Reached XP level 12. HP: 116/116 MP: 12/12
 12783 | Lair:2   | Noticed a death yak
 12786 | Lair:2   | Noticed a death yak
 12826 | Lair:2   | Killed a death yak
 12830 | Lair:2   | Killed a death yak
 13476 | Lair:2   | Reached skill level 16 in Long Blades
 13948 | Lair:3   | Found a staircase to the Shoals.
 14032 | Lair:3   | Received a gift from Trog
 14185 | Lair:3   | Reached skill level 17 in Long Blades
 14527 | Lair:3   | Found a shadowy altar of Dithmenos.
 14917 | Lair:4   | Noticed Urug
 14929 | Lair:4   | Killed Urug
 15133 | Lair:4   | Lost mutation: You are resistant to hostile enchantments. (MR+) [potion of mutation]
 15584 | Lair:4   | Found a hole to the Spider Nest.
 15755 | Lair:4   | Reached XP level 13. HP: 112/124 MP: 13/13
 16770 | Lair:4   | Reached skill level 18 in Long Blades
 17299 | Lair:5   | Found a runed door.
 17299 | Lair:5   | Found a viscous altar of Jiyva.
 17300 | Lair:5   | Found a staircase to the Slime Pits.
 18353 | Lair:5   | Reached skill level 10 in Fighting
 19364 | D:12     | Gained mutation: You are resistant to hostile enchantments. (MR+) [potion of mutation]
 19364 | D:12     | Lost mutation: Your magical capacity is very low. (-20% MP) [potion of mutation]
 19365 | D:12     | Lost mutation: Your magical capacity is low. (-10% MP) [potion of mutation]
 19758 | D:12     | Found Utamoik's Weapon Shop.
 19859 | D:12     | Got a smoking falchion
 19860 | D:12     | Identified the +7 falchion of the Thirsty Souls {venom, rC+++ Int-2 SInv Stlth+} (You found it on level 12 of the Dungeon)
 20153 | D:13     | Found a labyrinth entrance.
 20190 | Lab      | Entered a labyrinth
 20923 | Lab      | Noticed a minotaur
 20933 | Lab      | Killed a minotaur
 20951 | Lab      | Identified the Papyrus of Dark Flames
 20963 | Lab      | Got an ebony scimitar
 20964 | Lab      | Identified the +9 scimitar of Starshine {slice, rPois Str-3 Dex+6 Stlth+} (You found it in a labyrinth)
 20967 | D:13     | Identified a +6 rod of ignition (11/11) (You found it in a labyrinth)
 21298 | D:13     | Found Jopeosk's Armour Boutique.
 21316 | D:13     | Received a gift from Trog
 21319 | D:13     | Got an ancient triple sword {god gift}
 21329 | D:13     | Identified the +10 triple sword "Rijois" {drain, +Fly rC+} (Trog gifted it to you on level 13 of the Dungeon)
 21412 | D:13     | Identified the Papyrus of Supportive Ignition
 21436 | D:13     | Reached skill level 10 in Dodging
 21460 | D:13     | Reached XP level 14. HP: 117/136 MP: 18/18
 21476 | D:13     | Found a gate to the Vaults.
 21824 | D:14     | Noticed fatfloppyjuicyveiny's ghost (journeyman TrMo)
 21851 | D:14     | Killed fatfloppyjuicyveiny's ghost
 21975 | D:14     | Found a flagged portal.
 22040 | Bailey   | Entered a bailey
 22143 | Bailey   | Noticed an orc warlord
 22277 | Bailey   | Found a runed gate.
 22278 | Bailey   | Found a runed gate.
 22280 | Bailey   | Found a runed gate.
 22366 | Bailey   | Killed an orc warlord
 22700 | Bailey   | Gained mutation: You have an increased reservoir of magic. (+10% MP) [potion of beneficial mutation]
 22711 | Bailey   | Lost mutation: You have a pair of small antennae on your head. [potion of cure mutation]
 22711 | Bailey   | Lost mutation: Your flesh is heat resistant. (rF+) [potion of cure mutation]
 22711 | Bailey   | Lost mutation: Your body often deteriorates upon taking damage. [potion of cure mutation]
 22711 | Bailey   | Lost mutation: Your body sometimes deteriorates upon taking damage. [potion of cure mutation]
 22711 | Bailey   | Lost mutation: Scrolls take you a little longer to read. [potion of cure mutation]
 23534 | D:14     | Received a gift from Trog
 23879 | D:14     | Reached skill level 19 in Long Blades
 23962 | D:15     | Entered Level 15 of the Dungeon
 24054 | D:15     | Noticed Boing's ghost (journeyman MiBe)
 24068 | D:15     | Killed Boing's ghost
 24144 | D:15     | HP: 9/208 [centaur warrior (2)]
 24148 | D:15     | HP: 1/208 [queen bee (shapeshifter) (6)]
 24316 | D:15     | Found a staircase to the Depths.
 24678 | D:15     | Reached skill level 20 in Long Blades
 24678 | D:15     | Reached XP level 15. HP: 12/147 MP: 3/21
 25360 | D:15     | HP: 5/148 [white ugly thing (8)]
 25369 | D:15     | Slain by a white ugly thing

Skill      XL: |  1  2  3  4  5  6  7  8  9 10 11 12 13 14 15 |
---------------+----------------------------------------------+-----
Fighting       | 4 5 6 7 8 9 11 12 13 | 13.1
Long Blades    | 4 5 6 7 13 14 15 17 18 20 | 20.0
Dodging        | 6 8 10 | 10.7
Evocations     | 5 |  5.6

Action                   |  1- 3 |  4- 6 |  7- 9 | 10-12 | 13-15 || total
-------------------------+-------+-------+-------+-------+-------++-------
Melee: Falchion          |    70 |   176 |    12 |       |    34 ||   292
       Tailslap          |     3 |    25 |    43 |   157 |   169 ||   397
       Long sword        |       |       |   258 |   346 |       ||   604
       Scimitar          |       |       |       |   208 |   117 ||   325
       Great sword       |       |       |       |   314 |   478 ||   792
       Rapier            |       |       |       |    23 |     4 ||    27
       Triple sword      |       |       |       |       |   185 ||   185
Invok: Berserk           |     2 |     6 |     6 |    14 |    14 ||    42
       Trog's Hand       |       |       |     2 |     4 |     5 ||    11
       Brothers in Arms  |       |       |       |       |     2 ||     2
 Abil: Breathe Steam     |       |       |       |     4 |       ||     4
  Use: Potion            |     3 |       |    17 |     8 |    11 ||    39
       Scroll            |       |       |     7 |    11 |    11 ||    29
 Stab: Sleeping          |       |     1 |       |     2 |     3 ||     6
       Distracted        |       |       |       |     2 |     1 ||     3
  Eat: Chunk             |     3 |    12 |    16 |    47 |    27 ||   105
       Meat ration       |       |       |     1 |       |       ||     1
       Bread ration      |       |       |       |     1 |     3 ||     4
       Beef jerky        |       |       |       |       |     1 ||     1
       Royal jelly       |       |       |       |       |     1 ||     1
Armor: Skin              |    35 |    52 |    61 |   246 |   216 ||   610
Dodge: Dodged            |    60 |   124 |   136 |   642 |   658 ||  1620
       Rpst.: Falchion   |    13 |    40 |     2 |       |     6 ||    61
       Long sword        |       |       |    43 |    50 |       ||    93
       Scimitar          |       |       |       |    45 |    10 ||    55
       Great sword       |       |       |       |    67 |    84 ||   151
       Triple sword      |       |       |       |       |    37 ||    37
